 Dungeon Crawl Stone Soup version 0.20-a0-823-gdec668e (webtiles) character file.

293 Firecrotchwizard the Cudgeler (level 6, -5/61 HPs)
             Began as a Troll Fighter on Mar 6, 2017.
             Slain by an ogre
             ... wielding a +0 giant spiked club
              (14 damage)
             ... on level 4 of the Dungeon.
             The game lasted 00:07:17 (2731 turns).

Firecrotchwizard the Cudgeler (Troll Fighter)       Turns: 2731, Time: 00:07:18

Health: -5/61      AC:  5    Str: 29    XL:     6   Next: 11%
Magic:  5/5        EV:  9    Int:  4    God:
Gold:   178        SH:  9    Dex: 11    Spells: 5/5 levels left

rFire    . . .     SeeInvis .   a - +0 flail
rCold    . . .     Gourm    +   b - +0 robe
rNeg     . . .     Faith    .   c - +0 shield
rPois    .         Spirit   .   (helmet restricted)
rElec    .         Reflect  .   (no cloak)
rCorr    .         Harm     .   (gloves unavailable)
MR       .....                  (boots unavailable)
Stlth    +.........             (no amulet)
Regen    0.6/turn               (no ring)
MPRegen  0.1/turn               t - +4 ring of strength

@: no status effects
A: unfitting armour, claws 3, fast metabolism 3, gourmand, regeneration 1,
shaggy fur 1, tough skin 2
a: no special abilities


You were on level 4 of the Dungeon.
You were completely stuffed.

You visited 1 branch of the dungeon, and saw 4 of its levels.

You collected 178 gold pieces.

Inventory:

Hand Weapons
 a - a +0 flail (weapon)
Missiles
 q - 3 javelins (quivered)
Armour
 b - a +0 robe (worn)
 c - a +0 shield (worn)
Jewellery
 t - a +4 ring of strength (left claw)
Scrolls
 g - 4 scrolls of teleportation {unknown}
 h - 3 scrolls of identify {unknown}
 i - a scroll of recharging {unknown}
 l - 5 scrolls of remove curse {unknown}
 m - 2 scrolls of amnesia {unknown}
 r - 2 scrolls of blinking {unknown}
 u - a scroll of random uselessness {unknown}
 v - a scroll of noise {unknown}
Potions
 d - 2 potions of might
 e - a potion of haste {unknown}
 j - a potion of heal wounds {unknown}
 k - a potion of resistance {unknown}
 o - a potion of lignification {unknown}
Comestibles
 f - 2 bread rations
 n - 3 royal jellies
 p - 2 meat rations
 s - 10 chunks of flesh


   Skills:
 + Level 3.4 Fighting
 * Level 3.9 Maces & Flails
 + Level 3.4 Dodging
 + Level 3.1 Shields


You had 5 spell levels left.
You didn't know any spells.

Dungeon Overview and Level Annotations

Branches:
Dungeon (4/15)
 Temple: D:4-7

Altars:
Elyvilon
Qazlal


Innate Abilities, Weirdness & Mutations

You are too large for most types of armour.
You have claws for hands.
Your metabolism is lightning-fast.
You like to eat raw meat.
Your natural rate of healing is unusually fast.
You are covered in fur. (AC +1)
You have very tough skin. (AC +2)


Message History

You barely miss the ogre.
The ogre is moderately wounded.
The ogre hits you with a giant spiked club!
You hit the ogre.
The ogre is heavily wounded.
You block the ogre's attack.
You hit the ogre.
The ogre is heavily wounded.
The ogre hits you with a giant spiked club!!
Ouch! That really hurt!
You are too injured to fight recklessly!
You are too injured to fight recklessly!
You hit the ogre but do no damage.
The ogre is heavily wounded.
The ogre hits you with a giant spiked club!
* * * LOW HITPOINT WARNING * * *
You hit the ogre.
The ogre is severely wounded.
The ogre hits you with a giant spiked club!
You die...

### ### <.#...
..#.# #.#.## .
##.... . #....# #.
#..#.# #)####...@#
####.......O## ##
....##..._...##...
#...........$..O.#
#.#...........##o#
#....8.....##
#....^.....#
##..........###.
#....._.........


You could see an ogre.

Vanquished Creatures
  A crimson imp (D:3)
  Natasha (thrice) (D:3)
  Robin (D:3)
  4 adders
  4 gnolls (D:3)
  An ooze (D:1)
  3 worms (D:2)
  A dart slug (D:3)
  3 orcs (D:3)
  7 bats
  2 giant cockroaches
  11 goblins
  14 hobgoblins
  6 jackals (D:2)
  9 kobolds
  2 ball pythons
  2 frilled lizards
  8 rats
82 creatures vanquished.

Notes
Turn   | Place    | Note
-------+----------+-------------------------------------------
     0 | D:1      | Firecrotchwizard the Troll Fighter began the quest for the Orb.
     0 | D:1      | Reached XP level 1. HP: 22/22 MP: 0/0
   209 | D:1      | Reached XP level 2. HP: 29/29 MP: 1/1
   976 | D:2      | Reached XP level 3. HP: 28/36 MP: 2/2
  1803 | D:3      | Reached XP level 4. HP: 44/44 MP: 3/3
  2018 | D:3      | Noticed Robin
  2022 | D:3      | Killed Robin
  2160 | D:3      | Reached XP level 5. HP: 27/53 MP: 4/4
  2375 | D:3      | Noticed Natasha
  2387 | D:3      | Killed Natasha
  2434 | D:3      | Noticed Natasha
  2445 | D:3      | Killed Natasha
  2566 | D:3      | Noticed Natasha
  2575 | D:3      | Killed Natasha
  2575 | D:3      | Reached XP level 6. HP: 54/61 MP: 5/5
  2704 | D:4      | Found a stormy altar of Qazlal.
  2705 | D:4      | Found a white marble altar of Elyvilon.
  2731 | D:4      | Slain by an ogre

Vault maps used:
D:1:      dpeg_arrival_tiny_a, minmay_misc_feat_diagonals,
          grunt_decor_one_mirror, serial_bayou_lagoon_b
D:3:      uniq_natasha, uniq_robin
D:4:      lemuel_coloured_pillars_altar, hangedman_ru_absence,
          nemelex_altar_shiori, grunt_temple_overflow_open, uniq_pikel

Skill      XL: |  1  2  3  4  5 |
---------------+----------------+-----
Maces & Flails | 2 3 |  3.9
Dodging        | 3 |  3.4
Fighting       | 3 |  3.4
Shields        | 3 |  3.1

Action                   |  1- 3 |  4- 6 || total
-------------------------+-------+-------++-------
Melee: Flail             |   139 |   227 ||   366
 Stab: Sleeping          |     2 |       ||     2
  Eat: Chunk             |    20 |    11 ||    31
       Royal jelly       |     1 |       ||     1
Armor: Robe              |    52 |    69 ||   121
Dodge: Dodged            |    42 |    84 ||   126
Block: Shield            |    72 |   129 ||   201
